[ AOE2 MATCH · #459659930 ]
UnrankedEthiopians vs Cumans
Player's team · WIN
Rival team · LOSS
[ REPLAY ANALYSIS · EXTRACTED FROM THE RECORDED GAME ]
Feudal
8:51
Castle
—
Imperial
—
| APM avg | 47.2 |
| APM peak | 76 |
| eAPM avg | 15.4 |
| Villagers / military | 32 / 16 |
Focus
⚔️ 32.1% · 🌾 67.9%
Archer ×15 · Spearman ×1
Feudal
9:35
Castle
—
Imperial
—
| APM avg | 38.3 |
| APM peak | 71 |
| eAPM avg | 12.8 |
| Villagers / military | 30 / 8 |
Focus
⚔️ 24.2% · 🌾 75.8%
Scout Cavalry ×8
Match map
Initial resources + every placement click. Lines = walls · curves = elevation contours. ◆ gold · ⬟ stone · ● berries · ✦ relic · ◌ wall gap
Your base· Open — unwalled flank
iepsy's base· Open — unwalled flank
Smoothed initial terrain · ◌ = detected wall gap · hover for details
Inputs per minute
— 探吉教~Iron man - - iepsy
Build order — 探吉教~Iron man
78 actions detected in the replay
| 0:01 | Create | Villager (Male) |
| 0:01 | Create | Villager (Male) |
| 0:02 | Build | House |
| 0:03 | Build | House |
| 0:25 | Create | Villager (Male) |
| 0:25 | Create | Villager (Male) |
| 0:25 | Create | Villager (Male) |
| 1:32 | Create | Villager (Male) |
| 1:32 | Create | Villager (Male) |
| 1:56 | Create | Villager (Male) |
| 1:56 | Create | Villager (Male) |
| 2:04 | Build | Lumber Camp |
| 2:25 | Create | Villager (Male) |
| 2:49 | Create | Villager (Male) |
| 2:50 | Create | Villager (Male) |
| 3:05 | Create | Villager (Male) |
| 3:05 | Create | Villager (Male) |
| 3:27 | Build | House |
| 3:36 | Create | Villager (Male) |
| 4:18 | Create | Villager (Male) |
| 4:18 | Create | Villager (Male) |
| 4:26 | Create | Villager (Male) |
| 4:27 | Create | Villager (Male) |
| 5:02 | Create | Villager (Male) |
| 5:03 | Create | Villager (Male) |
| 5:21 | Build | Mining Camp |
| 5:50 | Research | Loom |
| 6:41 | Research | Feudal Age |
| 7:08 | Build | Barracks |
| 8:04 | Build | House |
| 8:28 | Build | Palisade Wall |
| 8:51 | Age | Feudal Age |
| 8:55 | Build | Archery Range |
| 8:58 | Create | Villager (Male) |
| 8:58 | Create | Villager (Male) |
| 9:14 | Research | Double-Bit Axe |
| 9:17 | Create | Villager (Male) |
| 9:24 | Build | Archery Range |
| 9:54 | Create | Villager (Male) |
| 9:57 | Create | Archer |
| 10:11 | Create | Villager (Male) |
| 10:16 | Build | House |
| 10:19 | Build | Palisade Wall |
| 10:21 | Create | Archer |
| 10:21 | Create | Archer |
| 10:51 | Build | House |
| 11:02 | Create | Villager (Male) |
| 11:05 | Create | Archer |
| 11:05 | Create | Archer |
| 11:05 | Create | Archer |
| 11:06 | Create | Archer |
| 11:10 | Build | Blacksmith |
| 11:33 | Build | Palisade Wall |
| 11:37 | Create | Villager (Male) |
| 11:37 | Create | Villager (Male) |
| 11:43 | Build | House |
| 11:55 | Create | Villager (Male) |
| 12:21 | Build | Palisade Wall |
| 12:53 | Create | Villager (Male) |
| 12:56 | Create | Archer |
| 12:57 | Create | Archer |
| 13:00 | Build | House |
| 13:13 | Create | Archer |
| 13:13 | Create | Archer |
| 13:28 | Build | Mill |
| 13:31 | Build | Palisade Wall |
| 14:26 | Research | Fletching |
| 15:02 | Create | Villager (Male) |
| 15:04 | Build | Farm |
| 15:04 | Build | Farm |
| 15:04 | Build | Farm |
| 15:31 | Create | Spearman |
| 15:33 | Build | House |
| 15:35 | Build | Palisade Wall |
| 15:53 | Create | Archer |
| 15:53 | Create | Archer |
| 15:54 | Create | Archer |
| 15:54 | Create | Archer |
Build order — iepsy
57 actions detected in the replay
| 0:01 | Create | Villager (Male) ×4 |
| 0:02 | Build | House |
| 0:05 | Build | House |
| 1:24 | Create | Villager (Male) |
| 1:49 | Create | Villager (Male) |
| 2:22 | Create | Villager (Male) |
| 2:38 | Build | Lumber Camp |
| 2:41 | Create | Villager (Male) |
| 2:41 | Create | Villager (Male) |
| 3:08 | Create | Villager (Male) |
| 3:35 | Create | Villager (Male) |
| 3:42 | Build | House |
| 3:43 | Build | House |
| 4:16 | Create | Villager (Male) |
| 4:26 | Create | Villager (Male) |
| 4:42 | Create | Villager (Male) |
| 5:27 | Create | Villager (Male) |
| 5:40 | Create | Villager (Male) |
| 5:41 | Research | Loom |
| 6:01 | Build | Mill |
| 7:25 | Research | Feudal Age |
| 9:29 | Create | Villager (Male) |
| 9:29 | Create | Villager (Male) |
| 9:30 | Create | Villager (Male) |
| 9:30 | Create | Villager (Male) |
| 9:35 | Age | Feudal Age |
| 9:58 | Build | Town Center |
| 10:12 | Build | Barracks |
| 10:16 | Build | House |
| 10:30 | Create | Villager (Male) |
| 10:46 | Create | Villager (Male) |
| 10:46 | Create | Villager (Male) |
| 11:35 | Build | Stable |
| 11:38 | Create | Villager (Male) |
| 11:38 | Create | Villager (Male) |
| 11:38 | Create | Villager (Male) |
| 12:04 | Create | Scout Cavalry |
| 12:04 | Create | Scout Cavalry |
| 12:11 | Create | Scout Cavalry |
| 12:28 | Build | Farm |
| 12:28 | Build | Farm |
| 12:29 | Build | Farm |
| 12:29 | Build | Farm |
| 13:27 | Create | Scout Cavalry |
| 14:00 | Build | Lumber Camp |
| 14:20 | Build | Blacksmith |
| 14:25 | Create | Scout Cavalry |
| 14:26 | Create | Scout Cavalry |
| 14:26 | Create | Scout Cavalry |
| 14:32 | Create | Villager (Male) |
| 14:46 | Create | Scout Cavalry |
| 15:34 | Create | Villager (Male) |
| 15:34 | Create | Villager (Male) |
| 15:35 | Create | Villager (Male) |
| 15:38 | Build | House |
| 15:39 | Build | House |
| 15:47 | Build | House |
Match timeline
| 7:08 | 探吉教~Iron man · first_building Barracks |
| 8:28 | 探吉教~Iron man · wall_segment Palisade Wall x2 |
| 8:51 | 探吉教~Iron man · age_up feudal |
| 8:55 | 探吉教~Iron man · first_building Archery Range |
| 9:35 | iepsy · age_up feudal |
| 10:12 | iepsy · first_building Barracks |
| 10:19 | 探吉教~Iron man · wall_segment Palisade Wall x4 |
| 11:33 | 探吉教~Iron man · wall_segment Palisade Wall x15 |
| 11:35 | iepsy · first_building Stable |
| 12:21 | 探吉教~Iron man · wall_segment Palisade Wall x4 |
| 13:31 | 探吉教~Iron man · wall_segment Palisade Wall x1 |
| 15:35 | 探吉教~Iron man · wall_segment Palisade Wall x9 |
| 15:59 | iepsy · resign |
[ AI ANALYSIS · 1 CREDIT ]
What really happened in this match?
Wolo.gg analyzes every decision: build order, eco, micro, common mistakes by bracket. Personalized analysis on WhatsApp or Discord in 30 seconds.
Civ guide
Ethiopians
Map guide
Arabia
Perfil
探吉教~Iron man